 Dungeon Crawl Stone Soup version 0.29-a0-775-g4d7333d4e2 (webtiles) character file.

Game seed: 6246756496267216033

2 purpskrrrp the Sneak (level 1, -2/19 HPs)
             Began as a Hill Orc Delver on July 1, 2022.
             Shot with an arrow by a centaur (9 damage)
             ... on level 7 of the Dungeon.
             The game lasted 00:04:29 (238 turns).

purpskrrrp the Sneak (Hill Orc Delver)               Turns: 238, Time: 00:04:29

Health: -2/19      AC:  9    Str: 14    XL:     1   Next: 30%
Magic:  1/1        EV:  6    Int: 10    God:
Gold:   26         SH:  0    Dex: 12    Spells: 0/0 levels left

rFire   . . .      SeeInvis .   a - +0 hand axe
rCold   . . .      Faith    .   (no shield)
rNeg    . . .      Spirit   .   e - +0 chain mail
rPois   .          Reflect  .   (no helmet)
rElec   .          Harm     .   (no cloak)
rCorr   .          Rampage  .   j - +0 pair of gloves
Will    .....                   (no boots)
Stlth   ..........              (no amulet)
HPRegen 0.06/turn               (no ring)
MPRegen 0.07/turn               (no ring)

@: marked, hasted (expiring), very quick
A: no striking features
a: no special abilities


You were on level 7 of the Dungeon.
You visited 1 branch of the dungeon, and saw 4 of its levels.

You collected 26 gold pieces.

Inventory:

Hand Weapons
 a - a +0 hand axe (weapon)
Armour
 b - a +0 leather armour
 e - a +0 chain mail (worn)
 j - a +0 pair of gloves (worn)
Magical Staves
 i - a staff of conjuration
Wands
 g - a wand of digging (3)
Potions
 h - a potion of curing {unknown}


   Skills:
 + Level 3.6 Fighting
 + Level 2.6 Axes
 + Level 1.7 Dodging
 - Level 4.1 Stealth


You couldn't memorise any spells.
You didn't know any spells.
Your spell library was empty.

Dungeon Overview and Level Annotations

Branches:
Dungeon (8/15)
 Temple: D:4-7         Lair: D:8-11

Altars:

Shops:
D:8 :


Message History

As you read the scroll of fog, it crumbles to dust.
The scroll dissolves into smoke.
HP restored.
A bullfrog is nearby!
Found 15 gold pieces.
Found 15 gold pieces.
A bullfrog comes into view.
The bullfrog croaks.
Found a stone staircase leading up.
There is a stone staircase leading up here.
You climb upwards.
A sourceless malevolence fills the Dungeon...
With a horrendous wail, an alarm goes off!
A sentinel's mark forms upon you.
You hear a shout! x11; You hear a howl!
You hear a shout! x5
There is a stone staircase leading down here.
You start waiting.
A wight comes into view. It is wielding a +3 short sword.
A wight comes into view. It is wielding a +1 spear of venom.
An orc comes into view. It is wielding a +0 flail.
A wight comes into view. It is wielding a +0 war axe.
Found a potion of haste.
You hit the orc.
The orc is heavily wounded.
The orc hits you but does no damage.
You hit the orc.
The orc is almost dead.
The orc hits you but does no damage.
You hit the orc.
You kill the orc!
A scorpion comes into view.
A centaur comes into view.
The centaur wields a +0 shortbow.
The centaur shoots an arrow.
The arrow barely misses you.
A gnoll comes into view. It is wielding a +0 flail.
The centaur shoots an arrow.
The arrow hits you!
Ouch! That really hurt!
Your extra speed is starting to run out.
The centaur shoots an arrow.
The arrow hits you!
You die...

### ###.### ##.....##
##.......####
#...........## .
#.........@!.#
z#######...........#
.......##.)...#....#
..>z......z......s..#
.######.............#
############...g
###c. ##


You could see a centaur, a scorpion and a wight.

Vanquished Creatures
  An orc (D:7)
1 creature vanquished.

Notes
Turn   | Place    | Note
-------+----------+-------------------------------------------
     0 | D:5      | purpskrrrp the Hill Orc Delver began the quest for the Orb.
     0 | D:5      | Reached XP level 1. HP: 19/19 MP: 1/1
     8 | D:6      | Noticed an ogre
   157 | D:5      | You fall into a shaft and drop 3 floors!
   168 | D:8      | Found Rahosupn's Self-Improvement Boutique.
   179 | D:8      | Noticed a wight
   180 | D:8      | Noticed a wight
   197 | D:8      | Noticed a bullfrog
   209 | D:8      | Noticed a bullfrog
   221 | D:7      | Noticed a wight
   221 | D:7      | Noticed a wight
   225 | D:7      | Noticed a wight
   235 | D:7      | Noticed a scorpion
   236 | D:7      | Noticed a centaur
   238 | D:7      | Shot with an arrow by a centaur

Illustrated notes

Levels and vault maps discovered:
D:5:      layout_loops_ring
D:6:      layout_rooms, serial_glass, glass_columns_a, glass_columns_b,
          reono_crystal_passage, st_stairs_4, minmay_shop_grid_forest,
          hex_intersection, lemuel_flame_loot_1
D:7:      layout_cave_pods, serial_gnoll_camp, gnoll_camp_medium_02,
          gnoll_camp_mini_hut, gnoll_camp_mini_sergeant,
          gnoll_camp_mini_doghouse, gnoll_camp_mini_basic, nrook_mini_vaults
D:8:      layout_rooms, nicolae_shop_self_help, uniq_maggie

Action                   || total
-------------------------++-------
Melee: Hand axe          ||     3
  Use: Scroll            ||     3
       Potion            ||     1
Armor: Chain mail        ||     2
Dodge: Dodged            ||     1

Table legend: (Time is in decaauts)
 A = Elapsed time spent in this place.
 B = Non-inter-level travel time spent in this place.
 C = Inter-level travel time spent in this place.
 D = Time resting spent in this place.
 E = Time spent auto-exploring this place.
 F = Levels seen in this place.
 G = Mean time per level.
                   A        B        C        D        E       F      G
               +--------+--------+--------+--------+--------+-----+--------+
         Total |    223 |    216 |      7 |      1 |     41 |   4 |   55.8 |
       Dungeon |    223 |    216 |      7 |      1 |     41 |   4 |   55.8 |
               +--------+--------+--------+--------+--------+-----+--------+

Top non-repeatable levels by time:
     D:5: 142 daAuts
     D:8: 51 daAuts
     D:6: 16 daAuts
     D:7: 13 daAuts
